 Dungeon Crawl Stone Soup version 0.32-a0-975-g85d4e5bfdb (webtiles) character file.

Game seed: 455760802498971117

13726 ezpacito the Trooper (level 12, -7/139 (150) HPs)
             Began as a Coglin Chaos Knight on Apr 19, 2024.
             Was a Plaything of Xom.
             Mangled by a gnoll sergeant
             ... wielding a +0 spear
              (8 damage)
             ... on level 12 of the Dungeon.
             The game lasted 00:14:54 (10598 turns).

ezpacito the Trooper (Coglin Chaos Knight)         Turns: 10598, Time: 00:14:55

HP:   -7/139 (150)  AC: 11    Str: 16    XL:     12   Next: 9%
MP:   26/26         EV: 11    Int: 12    God:    Xom [..*...]
Gold: 226           SH:  0    Dex: 11    Spells: 3/18 levels left

rFire   + + +        A - +4 hand axe of Fotagyvi {spect, rF+}
rCold   . . .        v - +4 whip (chaos) {Khabaw}
rNeg    . . .        f - +1 ring mail of the Ladybird {rElec rCorr MP+9 Dex-2}
rPois   .            (helmet restricted)
rElec   +            p - +0 cloak
rCorr   +            e - +0 pair of gloves
SInv    .            (no boots)
Will    .....        (amulet unavailable) Stlth
                     (ring unavailable)
HPRegen 0.43/turn    (ring unavailable)
MPRegen 0.20/turn    (no gizmo)

%: no passive effects
@: berserking (expiring), drained, revved, very quick
A: off-hand wielding, slow wielding, warmup strikes, no jewellery, horns 1,
iridescent scales 1, deterioration 1, fire resistance 2, robust 1, weak 1
a: Invent Gizmo, Renounce Religion


You were on level 12 of the Dungeon.
You worshipped Xom.
You were a toy of Xom.
You visited 2 branches of the dungeon, and saw 13 of its levels.

You collected 811 gold pieces.
You spent 585 gold pieces at shops.

Inventory:

Hand Weapons
 a - a +0 hand axe of chaos {Gloria}
 c - a +6 trident
 v - a +4 whip of chaos (offhand) {Khabaw}
 w - a +0 orcbow of draining
 A - the +4 hand axe of Fotagyvi (weapon) {spect, rF+}
   (You found it on level 4 of the Dungeon)

   rF+:       It protects you from fire.
 E - a +7 hand axe
 K - a +2 hand axe of flaming
Missiles
 k - 7 curare-tipped darts
 m - 10 boomerangs (quivered)
 x - 33 poisoned darts
 D - 3 throwing nets
Armour
 d - a +1 hat
 e - a +0 pair of gloves (worn)
 f - the +1 ring mail of the Ladybird (worn) {rElec rCorr MP+9 Dex-2}
   (You found it on level 8 of the Dungeon)

   Dex-2:     It affects your dexterity (-2).
   rElec:     It insulates you from electricity.
   MP+9:      It affects your magic capacity (+9).
   rCorr:     It protects you from acid and corrosion.
 l - +0 steam dragon scales
 o - a +3 chain mail of willpower
 p - a +0 cloak (worn)
 y - the +1 helmet of Hedonism {rPois Will+ Str+3 Stlth+}
   (You took it off Robin on level 4 of the Dungeon)

   Str+3:     It affects your strength (+3).
   rPois:     It protects you from poison.
   Will+:     It increases your willpower.
   Stlth+:    It makes you more stealthy.
Magical Staves
 n - a staff of alchemy {Tae}
Talismans
 u - a serpent talisman
Wands
 B - a wand of roots (5)
 H - a wand of paralysis (36)
 J - a wand of light (4)
 L - a wand of polymorph (4)
Scrolls
 g - a scroll of fear
 h - a scroll of vulnerability
 r - 4 scrolls of amnesia
 s - 2 scrolls of revelation
 t - 5 scrolls of teleportation
 C - 2 scrolls of fog
Potions
 b - a potion of enlightenment
 i - a potion of berserk rage
 j - a potion of lignification
 z - a potion of brilliance {unknown}
 F - a potion of cancellation {unknown}
 G - a potion of attraction {unknown}
 I - a potion of ambrosia {unknown}


   Skills:
 * Level 7.1 Fighting
 * Level 6.8(8.0) Axes
 * Level 5.6(6.9) Polearms
 + Level 3.8 Throwing
 * Level 5.9 Armour
 * Level 5.7 Dodging
 + Level 3.9 Stealth
 + Level 0.7 Unarmed Combat
 + Level 3.5 Spellcasting
 + Level 2.8 Conjurations
 + Level 3.6 Summonings
 + Level 3.7 Necromancy
 + Level 3.5 Translocations
 + Level 4.6 Alchemy
 + Level 5.3 Evocations
 + Level 3.1 Shapeshifting


You had 3 spell levels left.
You knew the following spells:

 Your Spells              Type           Power      Damage    Failure   Level
a - Haunt                 Necr/Summ      5%         N/A       100%        7
b - Sting                 Conj/Alch      44%        1d5       9%          1
c - Summon Small Mammal   Summ           40%        N/A       10%         1
d - Dispel Undead         Necr           11%        3d9       65%         4
e - Necrotise             Necr           44%        1d6       9%          1
g - Apportation           Tloc           20%        N/A       10%         1

Your spell library contained the following spells:

 Spells                   Type           Power      Damage    Failure   Level
 Kiss of Death            Conj/Necr      40%        2d8       11%         1
 Summon Ice Beast         Ice/Summ       6%         N/A       50%         3
 Dazzling Flash           Conj/Hex       10%        N/A       56%         3
 Hailstorm                Conj/Ice       5%         3d5       56%         3
 Confusing Touch          Hex            2%         N/A       77%         3
 Metabolic Englaciation   Hex/Ice        1%         N/A       100%        5
 Permafrost Eruption      Ice/Erth       1%         2x4d1     100%        6
 Sculpt Simulacrum        Ice/Alch       3%         N/A       100%        6
 Starburst                Conj/Fire      2%         6d3       100%        6
 Borgnjor's Revivificati  Necr           5%         N/A       100%        8
 Fulsome Fusillade        Conj/Alch      5%         (3-5)d5   100%        8
 Death's Door             Necr           5%         N/A       100%        9
 Fire Storm               Conj/Fire      2%         8d1       100%        9


Dungeon Overview and Level Annotations

Branches:
Dungeon (12/15)            Temple (1/1) D:7            Lair (0/5) D:10
    Orc: D:9-12

Altars:
Ashenzari
Cheibriados
Dithmenos
Elyvilon
Fedhas
Gozag
Hepliaklqana
Kikubaaqudgha
Makhleb
Nemelex Xobeh
Okawaru
Qazlal
Ru
Sif Muna
Trog
Uskayaw
Vehumet
Wu Jian
Xom
Yredelemnul
Zin
The Shining One

Shops:
D:1 *   D:3 :   D:8 (   D:9 *

Annotations:
D:9 2 transporters, exclusion: ice statue, Biggs's ghost, novice TrFi


Innate Abilities, Weirdness & Mutations

You can wield a second weapon in your off-hand.
It takes a long time for you to wield or remove held weapons.
Your first few attacks do less damage.
You cannot equip rings or amulets.
You have a pair of small horns on your head.
You are partially covered in iridescent scales. (AC +2)
Your body sometimes deteriorates upon taking damage.
Your flesh is very heat resistant. (rF++)
You are robust. (+10% HP)
You are weak. (Str -2)


Message History

The troll bites you but does no damage. The troll claws you!
* * * LOW HITPOINT WARNING * * *
The troll closely misses you.
You see here a +0 flail.
You take 7 damage, and have 23/139 hp.
You feel a strong urge to attack something.
The troll is no longer paralysed.
The troll attacks as it pursues you! The troll bites you but does no damage.
The troll completely misses you. The troll claws you but does no damage.
The gnoll sergeant hits you from afar with a +0 spear!
* * * LOW HITPOINT WARNING * * *
You take 6 damage, and have 17/139 hp.
You closely miss the troll with the +4 hand axe of Fotagyvi.
You closely miss the troll with your +4 whip of chaos.
Your +4 hand axe of Fotagyvi {spect, rF+} hits the troll.
You closely miss the troll with your +4 whip of chaos.
Your headbutt misses the troll.
The troll is lightly wounded.
You closely miss the troll with the +4 hand axe of Fotagyvi.
Your +4 hand axe of Fotagyvi {spect, rF+} hits the troll!
You hear the faint crackling of a distant melting archway.
The troll bites you!
* * * LOW HITPOINT WARNING * * *
The troll claws you but does no damage. The troll barely misses you.
The gnoll sergeant hits you from afar with a +0 spear!
* * * LOW HITPOINT WARNING * * *
Xom roars with laughter!
You take 16 damage, and have 1/139 hp.
You slash the troll with the +4 hand axe of Fotagyvi!
Your headbutt misses the troll.
The troll is severely wounded.
You closely miss the troll with your +4 whip of chaos.
Your +4 hand axe of Fotagyvi {spect, rF+} hits the troll!
The troll closely misses your +4 hand axe of Fotagyvi {spect, rF+}.
The troll claws your +4 hand axe of Fotagyvi {spect, rF+}!
Your spectral weapon shares its damage with you!
The troll barely misses your +4 hand axe of Fotagyvi {spect, rF+}.
The gnoll sergeant hits you from afar with a +0 spear!
You die...
Xom howls with laughter!

* * *,* #.........# ,
, #........# * *
#.#g...#, # ,,
#.#)...#..T,, * ***
#.#>......# *
#.#T)#.##.# , #####
#.gV...#* *
#<..#####T#..#.....
#.......@(#...###.#,**
#...########++# *,# *
##.## * * *,,, , #.#*
* * * * ... * * ,....
* *, * , ..#.#., * ,**
* * #..#.# , *,,* *,
,, * ,,,,,, **+ ** ,


You could see 2 trolls, a vampire, a gnoll sergeant and a friendly +4 hand axe
of Fotagyvi {spect, rF+}.

Vanquished Creatures
  Gastronok (D:10)
  Snorg (D:10)
  Harold (D:9)
  Erica (D:9)
  A two-headed ogre (D:11)
  Sonja (D:11)
  Maurice (D:9)
  A cyclops (D:11)
  2 komodo dragons
  A kobold demonologist (D:10)
  3 trolls
  A polar bear (D:12)
  A hornet (D:10)
  A yak (shapeshifter) (D:11)
  3 yaks
  A wyvern (D:9)
  2 shadows (D:10)
  2 acid dragons
  5 water moccasins
  3 orc warriors
  3 black bears
  2 sky beasts
  3 ice beasts
  A meliai simulacrum (D:12)
  2 ogres
  A phantom (D:5)
  9 centaurs
  3 kobold brigands
  2 bullfrogs (D:10)
  3 scorpions
  A gnoll sergeant (D:11)
  A burial acolyte (D:6)
  11 wights
  3 howler monkeys
  3 bombardier beetles
  A lava snake (D:11)
  A jelly (D:4)
  3 orc priests
  2 iguanas
  A sleepcap (D:7)
  Natasha (thrice) (D:2)
  8 orc wizards
  Robin (D:4)
  9 gnolls
  4 adders
  A shadow imp (D:6)
  4 white imps
  2 ufetubi (D:5)
  2 adder zombies (D:6)
  4 dart slugs
  A ribbon worm (D:2)
  31 orcs
  5 ball pythons
  5 endoplasms
  2 giant cockroaches (D:2)
  18 goblins
  6 hobgoblins
  26 kobolds
  A quokka (D:2)
  6 bats
  2 frilled lizards
  A jackal zombie (D:6)
  2 rats
233 creatures vanquished.

Vanquished Creatures (collateral kills)
  Pikel (D:8)
  Maggie (D:8)
  A troll (D:8)
  A black bear (D:8)
  A kobold brigand (D:9)
  An orc priest (D:8)
  3 orcs
9 creatures vanquished.

Vanquished Creatures (others)
  Duvessa (D:4)
  Dowan (D:4)
2 creatures vanquished.

Grand Total: 244 creatures vanquished

Notes
Turn   | Place    | Note
-------+----------+-------------------------------------------
     0 | D:1      | ezpacito the Coglin Chaos Knight began the quest for the
                  | Orb.
     0 | D:1      | Reached XP level 1. HP: 18/18 MP: 1/1
     9 | D:1      | XOM: divination: magic mapping
    19 | D:1      | XOM: silly message
    52 | D:1      | Reached skill level 1 in Dodging
    67 | D:1      | Reached XP level 2. HP: 24/24 MP: 2/2
   103 | D:1      | Found a faded altar of an unknown god.
   457 | D:1      | Found Zaydyep's General Store.
   622 | D:1      | XOM: god gift: 53 gold pieces
   749 | D:2      | Reached XP level 3. HP: 29/29 MP: 3/3
   845 | D:2      | XOM: 8-stop teleportation journey
   880 | D:2      | Noticed Natasha
   881 | D:2      | Found a shimmering blue altar of Sif Muna.
   886 | D:2      | Killed Natasha
   887 | D:2      | Reached skill level 1 in Polearms
   887 | D:2      | Reached XP level 4. HP: 25/35 MP: 4/4
  1016 | D:2      | Noticed Natasha
  1025 | D:2      | Killed Natasha
  1264 | D:2      | XOM: scenery: create altars
  1276 | D:2      | You fall into a shaft and drop 2 floors!
  1304 | D:4      | Reached skill level 1 in Evocations
  1304 | D:4      | Reached XP level 5. HP: 27/41 MP: 6/6
  1313 | D:4      | Reached skill level 1 in Stealth
  1354 | D:4      | XOM: give mutation
  1354 | D:4      | Gained mutation: Your muscles are strong. (Str +4, Int/Dex
                  | -1) [Xom's mischief]
  1533 | D:4      | XOM: noise
  1543 | D:4      | Noticed an ogre
  1548 | D:4      | XOM: potion effect (heal wounds)
  1549 | D:4      | Killed an ogre
  1550 | D:4      | Reached skill level 1 in Spellcasting
  1550 | D:4      | Reached skill level 1 in Alchemy
  1550 | D:4      | Reached XP level 6. HP: 26/48 MP: 7/7
  1642 | D:4      | Found an iron altar of Okawaru.
  1648 | D:4      | Identified the +4 hand axe of Fotagyvi {spect, rF+}
  1716 | D:3      | Reached skill level 4 in Fighting
  1939 | D:2      | Noticed Natasha
  1946 | D:2      | XOM: scenery: create altars
  1949 | D:2      | Killed Natasha
  2177 | D:3      | Found Muthruv's Book Boutique.
  2538 | D:3      | Found a sacrificial altar of Ru.
  2648 | D:4      | Identified the +1 helmet of Hedonism {rPois Will+ Str+3
                  | Stlth+}
  2648 | D:4      | Noticed Robin
  2659 | D:4      | Killed Robin
  2803 | D:4      | Noticed Duvessa
  2804 | D:4      | Noticed Dowan
  2809 | D:4      | Killed Duvessa
  2809 | D:4      | Killed Dowan
  2809 | D:4      | XOM: divine lightning
  2810 | D:4      | Reached skill level 1 in Throwing
  2810 | D:4      | Reached XP level 7. HP: 54/54 MP: 8/8
  2870 | D:4      | Found an ornate altar of the Wu Jian Council.
  2925 | D:5      | Entered Level 5 of the Dungeon
  3075 | D:5      | XOM: chaos upgrade
  3076 | D:5      | XOM: torment (28/54 hp)
  3243 | D:5      | Found a shadowy altar of Dithmenos.
  3334 | D:5      | Learned a level 7 spell: Haunt
  3336 | D:5      | Learned a level 1 spell: Sting
  3344 | D:5      | XOM: divination: magic mapping
  3731 | D:5      | XOM: noise
  3863 | D:6      | XOM: 2-stop teleportation journey
  3910 | D:6      | Reached XP level 8. HP: 51/61 MP: 10/10
  4094 | D:6      | Reached skill level 1 in Shapeshifting
  4137 | D:6      | Learned a level 1 spell: Apportation
  4139 | D:6      | Learned a level 1 spell: Summon Small Mammal
  4218 | D:6      | Got the Secrets of the Fateful Shot
  4287 | D:6      | XOM: summons friendly iron imp
  4568 | D:6      | XOM: silly message
  4658 | D:6      | Found an ancient bone altar of Kikubaaqudgha.
  4719 | D:6      | XOM: give mutations
  4719 | D:6      | Gained mutation: You expend magic power (3 MP) to
                  | strengthen your wands. [Xom's grace]
  4719 | D:6      | Gained mutation: You are strong-willed. (Will+) [Xom's
                  | grace]
  4719 | D:6      | Gained mutation: You are partially covered in iridescent
                  | scales. (AC +2) [Xom's grace]
  4863 | D:6      | XOM: god gift: pair of gloves {god gift}
  4913 | D:7      | Reached skill level 1 in Summonings
  4913 | D:7      | Reached skill level 1 in Necromancy
  4995 | D:7      | Reached skill level 5 in Fighting
  5101 | D:7      | XOM: god gift: wand of paralysis (7)
  5138 | D:7      | Reached XP level 9. HP: 68/68 MP: 11/11
  5147 | D:7      | Reached skill level 1 in Translocations
  5182 | D:7      | XOM: summons friendly quasit
  5230 | D:7      | Found a staircase to the Ecumenical Temple.
  5240 | Temple   | Entered the Ecumenical Temple
  5401 | D:7      | Found a glowing silver altar of Zin.
  5743 | D:1      | Bought a scroll of enchant weapon for 82 gold pieces
  5743 | D:1      | Bought a scroll of fog for 44 gold pieces
  5769 | D:3      | Bought a book of Touch for 264 gold pieces
  5849 | D:8      | XOM: noise
  5937 | D:8      | Found a basalt altar of Yredelemnul.
  5937 | D:8      | XOM: 4-stop teleportation journey
  5945 | D:8      | Reached skill level 5 in Axes
  6020 | D:8      | XOM: noise
  6034 | D:8      | XOM: polymorph steam dragon -> bombardier beetle
  6034 | D:8      | XOM: butterfly on damage
  6050 | D:8      | HP: 2/68 [orc warrior/+0 scimitar (7)]
  6285 | D:8      | Noticed Pikel
  6288 | D:8      | XOM: chaos upgrade
  6292 | D:8      | Killed Pikel
  6293 | D:8      | Reached skill level 1 in Conjurations
  6318 | D:8      | Noticed Maggie
  6325 | D:8      | Killed Maggie
  6326 | D:8      | Reached XP level 10. HP: 73/76 MP: 13/13
  6456 | D:8      | Identified the +1 ring mail of the Ladybird {rElec rCorr
                  | MP+9 Dex-2}
  6654 | D:8      | Found Udolyh's Antique Weapon Shop.
  6868 | D:8      | Found a glowing golden altar of the Shining One.
  6942 | D:9      | Noticed Harold
  6943 | D:9      | XOM: summons 10 friendly demons
  6949 | D:9      | XOM: summons 4 hostile shadow creatures
  6950 | D:9      | Noticed a two-headed ogre
  7096 | D:9      | XOM: fog
  7102 | D:9      | Killed Harold
  7103 | D:9      | Reached skill level 6 in Fighting
  7111 | D:9      | XOM: potion effect (attraction)
  7197 | D:9      | Found a transporter.
  7205 | D:9      | Noticed Biggs's ghost (novice TrFi)
  7213 | D:9      | Noticed Erica
  7220 | D:9      | Noticed a green ugly thing
  7223 | D:9      | Killed Erica
  7336 | D:9      | Noticed an ice statue
  7347 | D:9      | Found a transporter.
  7352 | D:9      | Noticed Maurice
  7361 | D:9      | XOM: scenery: 1 doors open
  7366 | D:9      | Maurice stole 3 throwing nets
  7366 | D:9      | Maurice stole a +0 hand axe of chaos {Gloria}
  7367 | D:9      | Killed Maurice
  7504 | D:9      | Reached skill level 5 in Armour
  7505 | D:9      | XOM: enchant monster (bad)
  7507 | D:9      | XOM: summons friendly ufetubus
  7541 | D:9      | XOM: swap monsters
  7674 | D:9      | Found a white marble altar of Elyvilon.
  7712 | D:9      | XOM: give mutation
  7712 | D:9      | Gained mutation: You are robust. (+10% HP) [Xom's mischief]
  7898 | D:9      | Learned a level 4 spell: Dispel Undead
  8119 | D:9      | XOM: silly message
  8216 | D:9      | Found Teucoxim's Island Escapes.
  8252 | D:9      | Bought a potion of haste for 150 gold pieces
  8252 | D:9      | Bought a scroll of teleportation for 45 gold pieces
  8290 | D:10     | Entered Level 10 of the Dungeon
  8305 | D:10     | XOM: silly message
  8343 | D:10     | XOM: god gift: 43 gold pieces
  8386 | D:10     | Noticed a kobold demonologist
  8397 | D:10     | Killed a kobold demonologist
  8398 | D:10     | Reached skill level 5 in Dodging
  8398 | D:10     | Reached XP level 11. HP: 91/91 MP: 15/15
  8403 | D:10     | Found a staircase to the Lair.
  8434 | D:10     | XOM: god gift: trident {god gift}
  8452 | D:10     | Reached skill level 5 in Polearms
  8550 | D:10     | Noticed Gastronok
  8569 | D:10     | XOM: butterfly on damage
  8570 | D:10     | Killed Gastronok
  8580 | D:10     | XOM: 3-stop teleportation journey
  8600 | D:10     | XOM: noise
  8857 | D:10     | Noticed Snorg
  8867 | D:10     | Killed Snorg
  9022 | D:10     | Reached skill level 5 in Evocations
  9394 | D:10     | Learned a level 1 spell: Necrotise
  9443 | D:11     | XOM: summons 8 friendly demons
  9506 | D:11     | Noticed Sonja
  9528 | D:11     | XOM: potion effect (berserk rage)
  9533 | D:11     | Killed Sonja
  9585 | D:11     | Reached skill level 7 in Fighting
  9730 | D:11     | XOM: 2-stop teleportation journey
  9825 | D:11     | XOM: give mutations
  9825 | D:11     | Lost mutation: You expend magic power (3 MP) to strengthen
                  | your wands. [Xom's mischief]
  9825 | D:11     | Gained mutation: You have a pair of small antennae on your
                  | head. [Xom's mischief]
  9826 | D:11     | Lost mutation: You are robust. (+10% HP) [potion of
                  | mutation]
  9826 | D:11     | Lost mutation: You are strong-willed. (Will+) [potion of
                  | mutation]
  9826 | D:11     | Gained mutation: Your flesh is heat resistant. (rF+)
                  | [potion of mutation]
  9826 | D:11     | Gained mutation: You are robust. (+10% HP) [potion of
                  | mutation]
  9826 | D:11     | Gained mutation: Your body sometimes deteriorates upon
                  | taking damage. [potion of mutation]
  9826 | D:11     | Gained mutation: You are somewhat resistant to further
                  | mutation. [potion of mutation]
  9827 | D:11     | Lost mutation: You have a pair of small antennae on your
                  | head. [potion of mutation]
  9827 | D:11     | Lost mutation: You are somewhat resistant to further
                  | mutation. [potion of mutation]
  9827 | D:11     | Gained mutation: Your flesh is very heat resistant. (rF++)
                  | [potion of mutation]
  9827 | D:11     | Lost mutation: Your muscles are strong. (Str +4, Int/Dex
                  | -1) [potion of mutation]
  9827 | D:11     | Gained mutation: You are weak. (Str -2) [potion of
                  | mutation]
  9827 | D:11     | Gained mutation: You have a pair of small horns on your
                  | head. [potion of mutation]
  9951 | D:11     | Noticed a two-headed ogre
  9960 | D:11     | Killed a two-headed ogre
 10058 | D:11     | Noticed a cyclops
 10066 | D:11     | XOM: butterfly on damage
 10068 | D:11     | XOM: polymorph troll -> shapeshifter
 10071 | D:11     | Killed a cyclops
 10079 | D:11     | Reached XP level 12. HP: 16/100 MP: 17/17
 10177 | D:11     | XOM: draining
 10561 | D:12     | XOM: noise
 10569 | D:12     | XOM: potion effect (heal wounds)
 10574 | D:12     | Noticed a death yak
 10588 | D:12     | XOM: enchant monster (good)
 10592 | D:12     | XOM: divination: magic mapping
 10597 | D:12     | HP: 1/139 [gnoll sergeant/+0 spear (8)]
 10598 | D:12     | Mangled by a gnoll sergeant

Illustrated notes

Levels and vault maps discovered:
D:1:      amcnicky_arrival_underground_garden, layout_basic,
          serial_corexii_hall, chequers_hall_statues_y, corexii_hall_statues_l,
          dreamdust_ecumenical_altar_angels_and_demons, serial_shops,
          nicolae_shop_trees
D:2:      minmay_wonky_spiral, layout_loops_ring, basic_altar, uniq_natasha
D:3:      layout_basic, lemuel_doored_altar, serial_shops, shop,
          kennysheep_generic_room_11
D:4:      layout_cave_pools, okawaru_ov_weapons_minmay,
          mainiacjoe_overflow_alcove_2, uniq_duvessa, uniq_robin
D:5:      layout_gridville, kennysheep_mini
D:6:      layout_loops_ring, lemuel_zombie_altar_kikubaaqudgha,
          lightli_orcish_oven
D:7:      minmay_angry_zag, layout_basic, zin_scriptorium,
          minmay_temple_entry_glass
D:8:      layout_basic, kennysheep_mini_moat, mainiacjoe_overflow_catwalk,
          serial_shops, shop, st_stairs_5, minmay_quadrilaterals, uniq_maggie,
          uniq_pikel
D:9:      layout_irregular_city, elyvilon_altar_3, nzn_ghost_randoct,
          nicolae_island_escapes, uniq_erica, uniq_maurice, uniq_harold
D:10:     layout_basic, due_lair_maze_entry_diamond, minmay_puff, uniq_snorg,
          uniq_gastronok
D:11:     wad_pebble_path, layout_loops_cross,
          nicolae_concentric_dashed_squares_mild, grunt_decor_junction,
          kennysheep_generic_room_2, uniq_sonja
D:12:     layout_loops_cross, david_orc_4, serial_ice, serial_ice_b,
          serial_ice_k, serial_ice_f, serial_ice_m, serial_ice_g, serial_ice_d,
          serial_ice_o, portal_ice_cave_entry_pillars_2,
          kennysheep_generic_room_15
Temple:   nicolae_temple_god_jail

Skill      XL: |  1  2  3  4  5  6  7  8  9 10 11 |
---------------+----------------------------------+-----
Dodging        | 1 2 3 4 5 |  5.7
Armour         | 2 3 4 5 |  5.9
Polearms       | 1 2 3 4 5 |  5.6
Evocations     | 1 2 3 4 5 |  5.3
Stealth        | 1 2 3 |  3.9
Spellcasting   | 1 2 3 |  3.5
Alchemy        | 1 2 3 4 |  4.6
Fighting       | 4 5 6 7 |  7.1
Throwing       | 1 2 3 |  3.8
Axes           | 4 5 6 |  6.8
Shapeshifting  | 1 2 3 |  3.1
Summonings     | 1 2 3 |  3.6
Necromancy     | 1 2 3 |  3.7
Translocations | 1 2 3 |  3.5
Conjurations   | 1 2 |  2.8
Unarmed Combat | |  0.7

Action                     |  1- 3 |  4- 6 |  7- 9 | 10-12 || total
---------------------------+-------+-------+-------+-------++-------
  Melee: Hand axe          |    49 |   107 |   201 |   203 ||   560
         Dagger            |    26 |       |       |       ||    26
         Staff             |    14 |   104 |   191 |     2 ||   311
         Whip              |       |       |       |   208 ||   208
         Headbutt          |       |       |       |     9 ||     9
  Throw: Boomerang         |       |     2 |       |       ||     2
  Evoke: Wand              |       |       |     1 |     4 ||     5
    Use: Potion            |       |       |    13 |    11 ||    24
         Scroll            |       |       |     9 |     8 ||    17
   Stab: Sleeping          |     1 |     2 |     1 |     2 ||     6
         Distracted        |       |       |     1 |     2 ||     3
         Paralysed         |       |       |     2 |    18 ||    20
         Held in net/web   |       |       |       |     2 ||     2
         Invisible         |       |       |       |     1 ||     1
 Armour: Leather armour    |    33 |    45 |       |       ||    78
         Chain mail        |       |    47 |   195 |    10 ||   252
         Ring mail         |       |       |       |   213 ||   213
  Dodge: Dodged            |    25 |    42 |    75 |   148 ||   290

Table legend: (Time is in decaauts)
 A = Elapsed time spent in this place.
 B = Non-inter-level travel time spent in this place.
 C = Inter-level travel time spent in this place.
 D = Time resting spent in this place.
 E = Time spent auto-exploring this place.
 F = Levels seen in this place.
 G = Mean time per level.
                   A        B        C        D        E       F      G
               +--------+--------+--------+--------+--------+-----+--------+
         Total |  10627 |   9964 |    663 |    283 |   7980 |  13 |  817.5 |
       Dungeon |  10625 |   9962 |    663 |    283 |   7980 |  12 |  885.4 |
        Temple |      1 |      1 |      0 |      0 |      0 |   1 |    1.0 |
               +--------+--------+--------+--------+--------+-----+--------+

Top non-repeatable levels by time:
     D:9: 1221 daAuts
     D:8: 1217 daAuts
    D:11: 1155 daAuts
     D:6: 1100 daAuts
    D:10: 1075 daAuts
     D:5: 975 daAuts
     D:2: 932 daAuts
     D:7: 766 daAuts
     D:4: 749 daAuts
     D:3: 715 daAuts
     D:1: 666 daAuts
    D:12: 50 daAuts
  Temple: 1 daAuts
